 Dungeon Crawl Stone Soup version 0.27-a0-1139-g28e009f8a6 (webtiles) character file.

Game seed: 13274459966680861274

228 freelancePsychic the Magician (level 6, -6/45 HPs)
             Began as a Djinni Fire Elementalist on May 7, 2021.
             Was a Follower of the Shining One.
             Mangled by a wyvern (18 damage)
             ... on level 4 of the Dungeon.
             The game lasted 00:08:39 (6275 turns).

freelancePsychic the Magician (DjFE)                Turns: 6275, Time: 00:08:39

Health: -6/45      AC:  4    Str:  7    XL:     6   Next: 2%
Gold:   202        EV: 12    Int: 19    God:    the Shining One [*.....] SH:  0 Dex: 13

rFire    + + .     SeeInvis .   b - +1 short sword (venom)
rCold    x . .     Faith    +   (no shield)
rNeg     . . .     Spirit   .   a - +0 robe
rPois    ∞         Reflect  .   e - +0 helmet
rElec    .         Harm     .   (no cloak)
rCorr    .         Rampage  .   m - +0 pair of gloves
Will     .....                  (boots unavailable)
Stlth    +.........             q - amulet of faith
HPRegen  0.15/turn              (no ring)
MPRegen  0.00/turn              (no ring)

@: flying, glowing, studying Evocations
A: sickness immunity, fire resistance 2, cold vulnerability 1, float, innate
caster, hp casting, extra vitality 1
a: Renounce Religion


You were on level 4 of the Dungeon.
You worshipped the Shining One.
The Shining One was aware of your devotion.
You visited 1 branch of the dungeon, and saw 5 of its levels.

You collected 202 gold pieces.

Inventory:

Hand Weapons
 b - a +1 short sword of venom (weapon)
Armour
 a - a +0 robe (worn)
 e - a +0 helmet (worn)
 m - a +0 pair of gloves (worn)
Jewellery
 q - an amulet of faith (around neck)
 v - an amulet of regeneration
Scrolls
 c - a scroll of summoning
 h - 2 scrolls of enchant weapon {unknown}
 i - a scroll of holy word {unknown}
 j - 2 scrolls of teleportation {unknown}
 n - 2 scrolls of magic mapping {unknown}
 s - 3 scrolls of blinking
 w - a scroll of amnesia
 x - a scroll of immolation {unknown}
Potions
 d - a potion of mutation
 f - a potion of curing {@q1}
 g - 3 potions of haste {unknown}
 k - a potion of invisibility {unknown}
 l - 2 potions of might {unknown}
 o - a potion of ambrosia {unknown}
 p - a potion of brilliance {unknown}
 t - 2 potions of heal wounds {unknown}
 u - a potion of flight {unknown}


   Skills:
 + Level 2.9 Fighting
 - Level 2.1 Dodging
 - Level 1.5 Stealth
 * Level 4.7 Spellcasting
 + Level 0.5 Invocations


You couldn't memorise any spells.
You knew the following spells:

 Your Spells              Type           Power      Damage    Failure   Level
a - Foxfire               Conj/Fire      88%        2x1d8     1%          1
b - Searing Ray           Conj           44%        3d4       2%          2
c - Inner Flame           Hex/Fire       22%        N/A       5%          3
d - Sticky Flame          Conj/Fire      22%        2d4       19%         4
e - Fireball              Conj/Fire      11%        3d7       45%         5
f - Apportation           Tloc           44%        N/A       1%          1
g - Conjure Flame         Conj/Fire      22%        6-21      5%          3
Your spell library was empty.

Dungeon Overview and Level Annotations

Branches:
Dungeon (5/15)
 Temple: D:4-7

Altars:
Dithmenos
Okawaru
Yredelemnul
The Shining One

Shops:
D:2 !


Innate Abilities, Weirdness & Mutations

You are immune to sickness and miasma.
You are immune to poison.
Your flesh is very heat resistant. (rF++)
You are vulnerable to cold. (rC-)
You float through the air rather than walking.
You learn spells naturally, not from books.
Your magical power is your life essence.
You have superior vitality. (+4 HP)


Message History

A hornet comes into view.
A quokka comes into view.
The searing ray hits the gnoll sergeant.
The gnoll sergeant is severely wounded.
The hornet buzzes angrily.
You hear a shout!
A hound skeleton comes into view.
The gnoll sergeant barely misses you.
An orc comes into view. It is wielding a +0 quarterstaff.
The searing ray hits the gnoll sergeant.
The gnoll sergeant is severely wounded.
You finish channeling your searing ray.
The gnoll sergeant hits you from afar with a +0 spear!
The shadow imp gestures at you.
You struggle to resist.
The shadow imp gestures at you. Pain shoots through your body!
You see here an adder corpse.
An orc warrior comes into view. It is wielding a +1 mace of protection.
The orc warrior throws a stone.
The stone misses you.
There is a stone staircase leading up here.
You fly upwards.
There is a stone staircase leading down here.
You start resting.
HP restored.
You see here 29 stones.
There is a stone staircase leading down here.
You fly downwards.
A wyvern and a skeleton come into view.
The wyvern hisses angrily.
The bullfrog skeleton closely misses you.
The wyvern bites you! The bullfrog skeleton hits you.
Found 16 stones.
There is a stone staircase leading up here.
The wyvern bites you!!
* * * LOW HITPOINT WARNING * * *
The bullfrog skeleton hits you.
* * * LOW HITPOINT WARNING * * *
You fly upwards.
There is a stone staircase leading down here.
You feel better. The wyvern bites you!!
You die...

...#...≈##......#................
##.#...≈#........#.#.............
...'#####............#######...##
.<.## ####.......### #...#
#.####### #.......# #...#
........########.### #...##
#.###........# #.# ########.<..#
#.# #...####.# #.# #...........#
..# ##### #.###@# #.#####.....#
### #....l# #.#####.###.# #######
#....#....... #..#.#..###..
#..#.#..#<).. #............
##)###.##)### ###.# #.##.# #
#...# #....###


You could see a wyvern.

Vanquished Creatures
  A scorpion (D:4)
  8 adders
  A howler monkey skeleton (D:5)
  2 shadow imps
  A worm (D:4)
  An adder skeleton (D:4)
  A dart slug (D:1)
  An orc (D:3)
  10 ball pythons
  7 bats
  3 endoplasms
  3 giant cockroaches
  4 hobgoblins
  9 kobolds
  3 quokkas
  3 frilled lizards (D:1)
  5 goblins
  A jackal skeleton (D:4)
  3 rats
67 creatures vanquished.

Vanquished Creatures (others)
  312 foxfires
  A fungus (D:3)
  10 plants (D:3)
323 creatures vanquished.

Grand Total: 390 creatures vanquished

Notes
Turn   | Place    | Note
-------+----------+-------------------------------------------
     0 | D:1      | freelancePsychic the Djinni Fire Elementalist began the
                  | quest for the Orb.
     0 | D:1      | Reached XP level 1. HP: 15/15 MP: 0/0
   655 | D:1      | Reached skill level 3 in Spellcasting
   655 | D:1      | Reached XP level 2. HP: 19/22 MP: 0/0
   994 | D:1      | Reached skill level 1 in Fighting
  1452 | D:1      | Reached XP level 3. HP: 27/27 MP: 0/0
  1452 | D:1      | Learned a level 1 spell: Apportation
  2560 | D:2      | Reached XP level 4. HP: 25/33 MP: 0/0
  2827 | D:2      | Found Lyhanlo's Distillery.
  4201 | D:3      | Found a faded altar of an unknown god.
  4216 | D:3      | Became a worshipper of the Shining One
  4216 | D:3      | Reached * piety under the Shining One
  4261 | D:3      | Found a basalt altar of Yredelemnul.
  4304 | D:3      | Noticed a black bear
  4914 | D:4      | Reached skill level 4 in Spellcasting
  5155 | D:4      | Reached XP level 5. HP: 36/38 MP: 0/0
  5155 | D:4      | Learned a level 2 spell: Searing Ray
  5975 | D:4      | Identified a scroll of acquirement
  5975 | D:4      | Acquired a manual of Evocations
  5983 | D:5      | Entered Level 5 of the Dungeon
  6019 | D:5      | Found a shadowy altar of Dithmenos.
  6021 | D:5      | Found an iron altar of Okawaru.
  6057 | D:5      | Reached XP level 6. HP: 40/45 MP: 0/0
  6058 | D:5      | Noticed a hornet
  6075 | D:5      | Noticed an orc warrior
  6272 | D:5      | Noticed a wyvern
  6275 | D:4      | Mangled by a wyvern

Illustrated notes

Levels and vault maps discovered:
D:1:      dpeg_arrival_prison, layout_basic, minmay_misc_feat_four_crosses
D:2:      layout_basic, serial_shops, nicolae_shop_stone
D:3:      layout_loops_corners, old_standard_altar,
          shapermc_ecumenical_altar_mp_ritualfount
D:4:      layout_loops_cross, chequers_serial_rivers_room_a
D:5:      cheibrodos_fzero, layout_rooms, nicolae_overflow_hidden_temple,
          minmay_temple_entry_crystal_x, gammafunk_ghost_nasty_kobolds

Skill      XL: |  1  2  3  4 |
---------------+-------------+-----
Spellcasting   | 3 4 |  4.7
Fighting       | 1 2 |  2.9
Dodging        | |  2.1
Stealth        | |  1.5
Invocations    | |  0.5

Action                   |  1- 3 |  4- 6 || total
-------------------------+-------+-------++-------
Melee: Short sword       |    20 |    23 ||    43
 Cast: Foxfire           |    95 |   105 ||   200
       Searing Ray       |       |     1 ||     1
  Use: Scroll            |     1 |     5 ||     6
       Potion            |       |     1 ||     1
 Stab: Sleeping          |     2 |     1 ||     3
Armor: Robe              |    11 |    17 ||    28
Dodge: Dodged            |    24 |    37 ||    61

Table legend: (Time is in decaauts)
 A = Elapsed time spent in this place.
 B = Non-inter-level travel time spent in this place.
 C = Inter-level travel time spent in this place.
 D = Time resting spent in this place.
 E = Time spent auto-exploring this place.
 F = Levels seen in this place.
 G = Mean time per level.
                   A        B        C        D        E       F      G
               +--------+--------+--------+--------+--------+-----+--------+
         Total |   6279 |   6164 |    115 |    361 |   5232 |   5 | 1255.8 |
       Dungeon |   6279 |   6164 |    115 |    361 |   5232 |   5 | 1255.8 |
               +--------+--------+--------+--------+--------+-----+--------+

Top non-repeatable levels by time:
     D:1: 2125 daAuts
     D:4: 1447 daAuts
     D:3: 1443 daAuts
     D:2: 1165 daAuts
     D:5: 97 daAuts
